 Dungeon Crawl Stone Soup version 0.22-a0-525-gf69a080 (webtiles) character file.

411 Amnesiac the Digger (level 6, -4/28 HPs)
             Began as a Spriggan Earth Elementalist on June 20, 2018.
             Was a Follower of Ashenzari.
             Shot with an arrow by a centaur (10 damage)
             ... on level 5 of the Dungeon.
             The game lasted 00:06:48 (3787 turns).

Amnesiac the Digger (Spriggan Earth Elementalist)   Turns: 3787, Time: 00:06:49

Health: -4/28      AC:  2    Str:  4    XL:     6   Next: 58%
Magic:  3/13       EV: 18    Int: 18    God:    Ashenzari [*.....]
Gold:   250        SH:  0    Dex: 17    Spells: 6/13 levels left

rFire    . . .     SeeInvis +   f - +1 dagger
rCold    . . .     Gourm    +   (shield restricted)
rNeg     . . .     Faith    .   c - +0 robe
rPois    .         Spirit   .   (helmet restricted)
rElec    .         Reflect  .   (no cloak)
rCorr    .         Harm     .   (gloves unavailable)
MR       +....                  (boots unavailable)
Stlth    ++........             g - amulet of the gourmand
HPRegen  0.09/turn              (no ring)
MPRegen  0.13/turn              (no ring)

@: very quick
A: very small, unfitting armour, see invisible, herbivore, speed 3, slow
metabolism 2
a: Curse Item, Scrying, Renounce Religion


You were on level 5 of the Dungeon.
You worshipped Ashenzari.
Ashenzari was aware of your devotion.
You were not hungry.

You visited 2 branches of the dungeon, and saw 6 of its levels.

You collected 250 gold pieces.

Inventory:

Hand Weapons
 f - a +1 dagger (weapon)
Missiles
 b - 92 stones (quivered)
Armour
 c - a +0 robe (worn)
Jewellery
 g - an amulet of the gourmand (around neck)
 y - an uncursed amulet of harm
Wands
 q - a wand of polymorph (8)
Scrolls
 a - 2 scrolls of noise {!r}
 i - 3 scrolls of teleportation {!r}
 j - a scroll of random uselessness {!r, unknown}
 k - 2 scrolls of remove curse {!r}
 l - 2 scrolls of fog {!r, unknown}
 o - 5 scrolls of identify {!r}
 r - 2 scrolls of blinking {!r, unknown}
 s - a scroll of magic mapping {!r, unknown}
 u - a scroll of fear {!r, unknown}
 x - a scroll of enchant weapon {!r}
Potions
 e - a potion of mutation {!q, unknown}
 h - 2 potions of flight {!q, unknown}
 m - 2 potions of might {!q}
 n - 2 potions of lignification {!q, unknown}
 p - 2 potions of haste {!q, unknown}
 t - a potion of degeneration {!q, unknown}
 v - a potion of heal wounds {!q, unknown}
 w - a potion of ambrosia {!q, unknown}
Comestibles
 d - 4 rations


   Skills:
 + Level 2.6 Short Blades
 - Level 3.0 Dodging
 - Level 3.0 Stealth
 + Level 4.4 Spellcasting
 + Level 4.6 Transmutations
 * Level 4.7 Earth Magic


You had 6 spell levels left.
You knew the following spells:

 Your Spells              Type           Power        Failure   Level  Hunger
a - Sandblast             Erth           ###...       1%          1    None
b - Passwall              Tmut/Erth      ###.....     3%          2    #......
e - Petrify               Tmut/Erth      ###.....     21%         4    ####...

Your spell library contained the following spells:

 Spells                   Type           Power        Failure   Level  Hunger
 Stone Arrow              Conj/Erth      ##....       16%         3    ###....
 Lee's Rapid Deconstruct  Erth           ###.......   50%         5    ######.


Dungeon Overview and Level Annotations

Branches:
Dungeon (5/15)             Temple (1/1) D:5

Altars:
Ashenzari
Cheibriados
Dithmenos
Elyvilon
Fedhas
Gozag
Hepliaklqana
Kikubaaqudgha
Makhleb
Okawaru
Qazlal
Sif Muna
Trog
Uskayaw
Vehumet
Wu Jian
Xom
Yredelemnul
Zin
The Shining One


Innate Abilities, Weirdness & Mutations

You are very small and have problems with some larger weapons.
You are too small for most types of armour.
You have supernaturally acute eyesight. (SInv)
You are a herbivore.
You cover ground extremely quickly.
You need to consume almost no food.


Message History

Press: ? - help, Shift-Dir - straight line, f/p - gnoll
Aim: a gnoll, wielding a whip The blast of sand hits the gnoll.
The gnoll is moderately wounded.
b - 98 stones The gnoll closely misses you.
Casting: Sandblast (safe; 1% risk of failure)
Confirm with . or Enter, or press ? or * to list all spells.
Aiming: Sandblast (safe; 1% risk of failure)
Press: ? - help, Shift-Dir - straight line, f/p - gnoll
Aim: a gnoll, wielding a whip (moderately wounded)
The blast of sand hits the gnoll.
The gnoll is heavily wounded.
b - 97 stones The gnoll completely misses you.
The gnoll hits you with a flail!
Casting: Sandblast (safe; 1% risk of failure)
Confirm with . or Enter, or press ? or * to list all spells.
Aiming: Sandblast (safe; 1% risk of failure)
Press: ? - help, Shift-Dir - straight line, f/p - gnoll
Aim: a gnoll, wielding a whip (heavily wounded)
The blast of sand hits the gnoll.
The gnoll is severely wounded.
b - 96 stones The gnoll hits you with a whip.
The gnoll hits you with a flail!
* * * LOW HITPOINT WARNING * * *
Casting: Sandblast (safe; 1% risk of failure)
Confirm with . or Enter, or press ? or * to list all spells.
Aiming: Sandblast (safe; 1% risk of failure)
Press: ? - help, Shift-Dir - straight line, f/p - gnoll
Aim: a gnoll, wielding a whip (severely wounded)
The blast of sand hits the gnoll.
You kill the gnoll!
b - 95 stones
Casting: Sandblast (safe; 1% risk of failure)
Confirm with . or Enter, or press ? or * to list all spells.
Aiming: Sandblast (safe; 1% risk of failure)
Press: ? - help, Shift-Dir - straight line, f - gnoll
Aim: a gnoll, wielding a whip The blast of sand misses the gnoll.
The blast of sand hits the gnoll.
The gnoll is severely wounded.
b - 94 stones
Casting: Sandblast (safe; 1% risk of failure)
Confirm with . or Enter, or press ? or * to list all spells.
Aiming: Sandblast (safe; 1% risk of failure)
Press: ? - help, Shift-Dir - straight line, f/p - gnoll
Aim: a gnoll, wielding a whip The blast of sand hits the gnoll.
The gnoll is almost dead.
b - 93 stones Unknown command.
A centaur comes into view.
Casting: Sandblast (safe; 1% risk of failure)
Confirm with . or Enter, or press ? or * to list all spells.
Aiming: Sandblast (safe; 1% risk of failure)
Press: ? - help, Shift-Dir - straight line, f/p - gnoll
Aim: a gnoll, wielding a whip (almost dead)
The blast of sand hits the gnoll.
You kill the gnoll!
b - 92 stones The centaur shouts!
The centaur wields a shortbow.
The centaur shoots an arrow.
The arrow misses you.
The centaur shoots an arrow.
The arrow hits you!
You die...

.###...## ##.......#
..###..# #..##)...#
...##..# #..###†...#
.......# ##..# #...#
......## #g.## ...#
......# #g.# #..# ......#
##..# #..# ......# #.(##
..# .<....## ##@..##
.......#### ##.....##
..........####..#....#
....##.........####...##
....##........###.......
#...##.........##.##.....
##..##.........##.##.##c.
#..#.......#÷..........#
#..#.....###.#.#.#.#.#.#


You could see a centaur and 2 gnolls.

Vanquished Creatures
  An ogre (D:4)
  A scorpion (D:5)
  A howler monkey (D:5)
  2 hounds
  2 gnolls (D:5)
  8 adders
  3 oozes
  An adder skeleton (D:4)
  2 worms
  A dart slug (D:2)
  3 leopard geckos
  An orc (D:3)
  2 giant cockroaches (D:1)
  8 goblins
  6 hobgoblins
  4 jackals
  9 kobolds
  A quokka (D:5)
  A ball python (D:2)
  8 bats
  4 frilled lizards
  2 quokka skeletons (D:4)
  7 rats
78 creatures vanquished.

Notes
Turn   | Place    | Note
-------+----------+-------------------------------------------
     0 | D:1      | Amnesiac the Spriggan Earth Elementalist began the quest for the Orb.
     0 | D:1      | Reached XP level 1. HP: 9/9 MP: 5/5
   173 | D:2      | Reached XP level 2. HP: 13/13 MP: 7/7
   177 | D:2      | Learned a level 2 spell: Passwall
   344 | D:2      | Found a hazy altar of Hepliaklqana.
   345 | D:2      | Found a basalt altar of Yredelemnul.
   441 | D:3      | Reached XP level 3. HP: 14/16 MP: 4/8
   554 | D:3      | Found a hide-covered altar of Uskayaw.
   574 | D:3      | Found an opulent altar of Gozag.
   701 | D:3      | Reached XP level 4. HP: 21/21 MP: 6/9
   747 | D:3      | Learned a level 4 spell: Petrify
   751 | D:3      | Reached skill level 1 in Short Blades
   955 | D:4      | Noticed an ogre
   980 | D:4      | Killed an ogre
   980 | D:4      | Reached XP level 5. HP: 24/24 MP: 3/11
  1457 | D:5      | Entered Level 5 of the Dungeon
  1559 | D:5      | Reached XP level 6. HP: 27/28 MP: 0/13
  1709 | D:5      | Found a staircase to the Ecumenical Temple.
  1716 | Temple   | Entered the Ecumenical Temple
  1874 | Temple   | Became a worshipper of Ashenzari the Shackled
  3176 | D:3      | Reached * piety under Ashenzari
  3787 | D:5      | Shot with an arrow by a centaur

Vault maps used:
D:1:      saegor_arrival_simple_a, moated_statue, minmay_ruptured
D:2:      gammafunk_temple_overflow_pools
D:3:      wad_pebble_path, lemuel_doored_altar, old_standard_altar
D:5:      minmay_temple_entry_glass, first_ration
Temple:   regret_index_temple_sphere_string

Skill      XL: |  1  2  3  4  5 |
---------------+----------------+-----
Spellcasting   | 3 4 |  4.4
Earth Magic    | 3 4 |  4.7
Transmutations | 3 4 |  4.6
Short Blades   | 1 2 |  2.6
Dodging        | |  3.0
Stealth        | |  3.0

Action                   |  1- 3 |  4- 6 || total
-------------------------+-------+-------++-------
Melee: Dagger            |    32 |    91 ||   123
 Cast: Sandblast         |    18 |    54 ||    72
       Passwall          |     6 |     5 ||    11
       Petrify           |       |     4 ||     4
  Use: Scroll            |       |     4 ||     4
 Stab: Sleeping          |     7 |     9 ||    16
       Petrifying        |       |     1 ||     1
       Petrified         |       |     1 ||     1
  Eat: Ration            |       |     2 ||     2
Armor: Robe              |       |     8 ||     8
Dodge: Dodged            |    23 |    72 ||    95

Table legend:
 A = Spawn XP
 B = Non-spawn XP
 C = Spawn XP percentage of total XP
 D = Spawn monster count
 E = Non-spawn monster count
 F = Spawn count percentage of total count
 G = Total turns spent on level
                    A         B        C        D         E        F      G
               +---------+---------+-------+---------+---------+-------+---------
         Total |       0 |     588 |   0.0 |       0 |      78 |   0.0 |  3787
               +---------+---------+-------+---------+---------+-------+---------
           D:1 |       0 |      51 |   0.0 |       0 |      28 |   0.0 |   747
           D:2 |       0 |      48 |   0.0 |       0 |      13 |   0.0 |   748
           D:3 |       0 |      87 |   0.0 |       0 |      19 |   0.0 |  1058
           D:4 |       0 |     198 |   0.0 |       0 |      11 |   0.0 |   668
           D:5 |       0 |     204 |   0.0 |       0 |       7 |   0.0 |   382
               +---------+---------+-------+---------+---------+-------+---------
